 Dungeon Crawl Stone Soup version 0.29.0-4-gdea44cf6ec (webtiles) character file.

Game seed: 3557614088377551571

273 qw the Chopper (level 6, -13/52 HPs)
             Began as a Minotaur Fighter on Sept 7, 2022.
             Mangled by an ogre
             ... wielding a +0 giant spiked club
              (20 damage)
             ... on level 4 of the Dungeon.
             The game lasted 00:01:19 (2916 turns).

qw the Chopper (Minotaur Fighter)                   Turns: 2916, Time: 00:01:20

Health: -13/52     AC: 12    Str: 22    XL:     6   Next: 3%
Magic:  0/5        EV:  9    Int:  5    God:
Gold:   201        SH:  4    Dex: 10    Spells: 5/5 levels left

rFire   . . .      SeeInvis .   Y - +4 war axe
rCold   . . .      Faith    .   c - +0 buckler
rNeg    . . .      Spirit   +   b - +0 scale mail
rPois   .          Reflect  .   (helmet restricted)
rElec   .          Harm     .   a - +1 cloak
rCorr   .          Rampage  .   f - +2 pair of gloves
Will    .....                   (no boots)
Stlth   ..........              j - amulet of guardian spirit
HPRegen 0.17/turn               (no ring)
MPRegen 0.09/turn               (no ring)

@: no status effects
A: horns 2, retaliatory headbutt
a: no special abilities


You were on level 4 of the Dungeon.
You visited 1 branch of the dungeon, and saw 4 of its levels.

You collected 201 gold pieces.


Innate Abilities, Weirdness & Mutations

You have a pair of horns on your head.
You reflexively headbutt those who attack you in melee.


   Skills:
 - Level 4.2 Fighting
 + Level 7.2 Axes
 - Level 3.6 Armour
 - Level 1.0 Dodging
 - Level 3.6 Shields


You had 5 spell levels left.
You didn't know any spells.
Your spell library was empty.

Inventory:

Hand Weapons
 g - a +0 flail
 Y - a +4 war axe (weapon)
Armour
 a - a +1 cloak (worn)
 b - a +0 scale mail (worn)
 c - a +0 buckler (worn)
 f - a +2 pair of gloves (worn)
Jewellery
 e - a ring of ice
 j - an amulet of guardian spirit (around neck)
Scrolls
 i - 4 scrolls of identify
 l - a scroll of immolation {unknown}
Potions
 d - a potion of might
 h - 2 potions of flight {unknown}
 k - 2 potions of haste

Dungeon Overview and Level Annotations

Branches:
Dungeon (4/15)
 Temple: D:4-7

Altars:
Dithmenos
Fedhas
Kikubaaqudgha


Message History

2906 ||| Stepping ~*~*~tactically~*~*~ (hiding).
You start waiting.
An orc wizard is nearby!
The orc wizard gestures at you while chanting.
You resist with some effort.
The orc shouts!
The orc wizard points at you and mumbles some strange words.
You resist with some effort. You block the ogre's attack.
You barely miss the ogre. You hit the orc wizard.
The orc wizard hits you with a +0 dagger.
You block the ogre's attack.
You barely miss the orc wizard.
The orc wizard is moderately wounded.
You hit the ogre but do no damage.
The orc wizard hits you with a +0 dagger.
You closely miss the orc wizard.
You headbutt the orc wizard, but do no damage.
The orc wizard is moderately wounded.
You hit the ogre but do no damage.
The orc wizard hits you with a +0 dagger.
The ogre hits you with a +0 giant spiked club!!
The orc wizard closely misses you.
You slash the orc wizard!
You kill the orc wizard!
You slash the ogre!
The ogre hits you with a +0 giant spiked club!
You have reached level 6!
2914 ||| DRINKING potion of heal wounds.
You feel much better. The orc hits you but does no damage.
The ogre hits you with a +0 giant spiked club!!
You slash the ogre! You headbutt the ogre.
The ogre is severely wounded.
You barely miss the orc. You hit the orc. The orc hits you but does no damage.
The orc hits you with a +0 hand axe.
You hit the ogre.
The ogre is severely wounded.
You barely miss the orc. You hit the orc.
The ogre hits you with a +0 giant spiked club!!
You die...

###############
...............
...............
..<............
......Ooo...... ##
#@# ##.####+####.#
#.......#....#
#.......#....# .
#.......#....#....
###.......#.......#
#...#...#.#.#...#.#
#...###.....###..#
#...#.#.....# ..#


You could see an ogre and 2 orcs.

Vanquished Creatures
  A necrophage (D:4)
  An orc priest (D:3)
  A hound (D:4)
  An orc wizard (D:4)
  5 adders
  2 worms
  A dart slug (D:3)
  7 orcs
  5 ball pythons
  4 endoplasms
  2 giant cockroaches
  7 goblins
  7 hobgoblins
  6 quokkas
  4 bats
  3 frilled lizards (D:2)
  10 kobolds
  3 rats
70 creatures vanquished.

Vanquished Creatures (others)
  A human (D:3)
1 creature vanquished.

Grand Total: 71 creatures vanquished

Notes
Turn   | Place    | Note
-------+----------+-------------------------------------------
     0 | D:1      | qw the Minotaur Fighter began the quest for the Orb.
     0 | D:1      | Reached XP level 1. HP: 19/19 MP: 0/0
     0 | D:1      | 0 ||| qw: Version: 0.1-a-108-g9e35731
     0 | D:1      | 0 ||| qw: Game counter: 6509
     0 | D:1      | 0 ||| qw: Always use a shield: true
     0 | D:1      | 0 ||| qw: God list: Ru
     0 | D:1      | 0 ||| qw: Allow faded altars: false
     0 | D:1      | 0 ||| qw: Do Orc after D:15 true
     0 | D:1      | 0 ||| qw: Do second Lair branch before Depths: true
     0 | D:1      | 0 ||| qw: Lair rune preference: random
     0 | D:1      | 0 ||| qw: Plans: Normal
     0 | D:1      | 0 ||| PLANNING D:1-11
    70 | D:1      | 70 ||| DROPPING +0 club.
   158 | D:1      | Reached skill level 3 in Axes
   199 | D:1      | Reached XP level 2. HP: 19/26 MP: 1/1
   497 | D:1      | Found a faded altar of an unknown god.
   563 | D:1      | 563 ||| UPGRADING to +0 pair of gloves.
   568 | D:1      | 568 ||| UPGRADING to amulet of guardian spirit.
   573 | D:1      | 573 ||| READING scroll labelled VUR QUBBELO.
   574 | D:1      | 574 ||| READING 2 scrolls labelled CEADUU METTICE.
   575 | D:1      | 575 ||| READING scroll of enchant weapon.
   575 | D:1      | 575 ||| ENCHANTING +1 war axe.
   576 | D:1      | 576 ||| READING 2 scrolls labelled ABRADI IHOAG.
   577 | D:1      | 577 ||| READING scroll of enchant armour.
   577 | D:1      | 577 ||| ENCHANTING +0 pair of gloves.
   578 | D:1      | 578 ||| READING scroll labelled KAHOOB XYQUIBRIT.
   579 | D:1      | 579 ||| DRINKING 2 fizzy dark potions.
   614 | D:2      | Reached skill level 4 in Axes
   628 | D:2      | 628 ||| FLEEEEING.
   629 | D:2      | 629 ||| STAIRDANCE
   840 | D:2      | 840 ||| Stepping ~*~*~tactically~*~*~ (stealth).
   846 | D:2      | Reached XP level 3. HP: 31/31 MP: 2/2
   888 | D:2      | 888 ||| FLEEEEING.
   927 | D:2      | 927 ||| READING scroll of enchant armour.
   927 | D:2      | 927 ||| ENCHANTING +1 pair of gloves.
   933 | D:2      | Found a blossoming altar of Fedhas.
   946 | D:2      | 946 ||| Stepping ~*~*~tactically~*~*~ (stealth).
   949 | D:2      | 949 ||| Stepping ~*~*~tactically~*~*~ (stealth).
   950 | D:2      | 950 ||| Stepping ~*~*~tactically~*~*~ (stealth).
   959 | D:2      | 959 ||| DROPPING +0 whip.
  1327 | D:2      | Reached skill level 5 in Axes
  1504 | D:2      | 1504 ||| UPGRADING to +1 cloak.
  1509 | D:2      | 1509 ||| DROPPING scarf of invisibility.
  1510 | D:2      | 1510 ||| READING scroll labelled INAHOI DAYCUOHI.
  1527 | D:3      | 1527 ||| STAIRDANCE
  1531 | D:2      | Reached XP level 4. HP: 37/39 MP: 3/3
  1548 | D:3      | Reached skill level 1 in Dodging
  1552 | D:3      | 1552 ||| Stepping ~*~*~tactically~*~*~ (hiding).
  1843 | D:3      | Reached skill level 6 in Axes
  2106 | D:3      | Found an ancient bone altar of Kikubaaqudgha.
  2107 | D:3      | Noticed a human
  2110 | D:3      | Killed a human
  2172 | D:3      | 2172 ||| Stepping ~*~*~tactically~*~*~ (stealth).
  2175 | D:3      | 2175 ||| Stepping ~*~*~tactically~*~*~ (stealth).
  2198 | D:3      | 2198 ||| Stepping ~*~*~tactically~*~*~ (hiding).
  2341 | D:3      | Found a shadowy altar of Dithmenos.
  2530 | D:3      | 2530 ||| READING scroll labelled TAEWOIT TORAIQATZ.
  2531 | D:3      | 2531 ||| READING scroll labelled GAEW ESCHOYLA.
  2532 | D:3      | 2532 ||| READING 2 scrolls of identify.
  2532 | D:3      | 2532 ||| IDENTIFYING lumpy puce potion
  2597 | D:4      | 2597 ||| READING scroll of enchant weapon.
  2597 | D:4      | 2597 ||| ENCHANTING +2 war axe.
  2612 | D:4      | Noticed a necrophage
  2613 | D:4      | 2613 ||| Stepping ~*~*~tactically~*~*~ (stealth).
  2616 | D:4      | Reached XP level 5. HP: 45/45 MP: 4/4
  2672 | D:4      | 2672 ||| Stepping ~*~*~tactically~*~*~ (stealth).
  2713 | D:4      | Identified the +2 robe of the Eternal Void {Harm Drain
                  | rElec rC-}
  2726 | D:4      | Reached skill level 7 in Axes
  2840 | D:4      | 2840 ||| Stepping ~*~*~tactically~*~*~ (stealth).
  2867 | D:4      | 2867 ||| Stepping ~*~*~tactically~*~*~ (stealth).
  2901 | D:4      | 2901 ||| READING scroll of enchant weapon.
  2901 | D:4      | 2901 ||| ENCHANTING +3 war axe.
  2904 | D:4      | Noticed an ogre
  2905 | D:4      | 2905 ||| Stepping ~*~*~tactically~*~*~ (hiding).
  2906 | D:4      | 2906 ||| Stepping ~*~*~tactically~*~*~ (hiding).
  2913 | D:4      | HP: 9/46 [ogre/+0 giant spiked club (15)]
  2914 | D:4      | Reached XP level 6. HP: 10/52 MP: 0/5
  2914 | D:4      | 2914 ||| DRINKING potion of heal wounds.
  2916 | D:4      | Mangled by an ogre

Levels and vault maps discovered:
D:1:      saegor_arrival_simple_d, layout_rooms,
          shapermc_ecumenical_altar_hornbeckon, chequers_serial_rivers_micro_d
D:2:      layout_loops_ring, basic_altar, st_stairs_3
D:3:      layout_loops_ring, tgw_kikubaaqudgha,
          grunt_dithmenos_smoke_and_mirrors, kennysheep_generic_room_15
D:4:      layout_gridville, minivault_4, grunt_ministairs_6,
          minmay_fractal_squares_diagonal_5, uniq_robin, uniq_sigmund

Skill      XL: |  1  2  3  4  5 |
---------------+----------------+-----
Axes           | 3 4 5 6 7 |  7.2
Dodging        | 1 |  1.0
Fighting       | 4 |  4.2
Armour         | |  3.6
Shields        | |  3.6

Action                   |  1- 3 |  4- 6 || total
-------------------------+-------+-------++-------
Melee: War axe           |    80 |    77 ||   157
       Headbutt          |     9 |     7 ||    16
  Use: Scroll            |     8 |     5 ||    13
       Potion            |     1 |     1 ||     2
Armor: Scale mail        |    37 |    24 ||    61
Dodge: Dodged            |    40 |    28 ||    68
Block: Buckler           |    19 |    10 ||    29

Table legend:
 A = Non-vault XP
 B = Vault XP
 C = Vault XP percentage of total XP
 D = Non-vault monster count
 E = Vault monster count
 F = Vault count percentage of total count
                 A         B        C        D         E       F
            +---------+---------+-------+---------+---------+-------
      Total |     334 |      57 |  14.6 |      63 |       7 |  10.0
            +---------+---------+-------+---------+---------+-------
        D:1 |      24 |       0 |   0.0 |      15 |       0 |   0.0
        D:2 |      75 |       4 |   5.1 |      20 |       2 |   9.1
        D:3 |      87 |       5 |   5.4 |      18 |       1 |   5.3
        D:4 |     148 |      48 |  24.5 |      10 |       4 |  28.6
            +---------+---------+-------+---------+---------+-------
